 Dungeon Sprint DCSS version 0.26-a0-651-gb41185065b (webtiles) character file.

Game seed: 17686560971503154730

67 mhtbhm the Skirmisher (level 4, 0/45 HPs)
             Began as a Minotaur Fighter on Sept 29, 2020.
             Slain by a centaur (2 damage)
             ... in the Dungeon (Sprint IX: "|||||||||||||||||||||||||||||").
             The game lasted 00:00:09 (31 turns).

mhtbhm the Skirmisher (Minotaur Fighter)              Turns: 31, Time: 00:00:10

Health: 0/45       AC:  3    Str: 22    XL:     4   Next: 0%
Magic:  3/3        EV:  8    Int:  5    God:
Gold:   0          SH: 10    Dex:  9    Spells: 3/3 levels left

rFire    . . .     SeeInvis .   a - +0 long sword
rCold    . . .     Faith    .   c - +0 kite shield
rNeg     . . .     Spirit   .   b - +0 scale mail
rPois    .         Reflect  .   (helmet restricted)
rElec    .         Harm     .   (no cloak)
rCorr    .         Rampage  .   (no gloves)
MR       .....     NoTele   +   (no boots)
Stlth    ..........             (no amulet)
HPRegen  0.15/turn              (no ring)
MPRegen  0.08/turn              (no ring)

@: corroded
A: retaliatory headbutt, horns 2
a: no special abilities


You were in the Dungeon.
You visited 1 branch

Inventory:

Hand Weapons
 a - a +0 long sword (weapon)
Armour
 b - a +0 scale mail (worn)
 c - a +0 kite shield (worn)
Scrolls
 j - a scroll of blinking
Potions
 d - a potion of might
 e - a potion of curing
 f - a potion of heal wounds
 g - a potion of haste
 h - 2 potions of magic
 i - a potion of berserk rage


   Skills:
 + Level 6.3 Fighting
 + Level 3.9 Long Blades
 + Level 6.1 Armour
 + Level 6.2 Shields


You had 3 spell levels left.
You didn't know any spells.
Your spell library was empty.

Dungeon Overview and Level Annotations

Branches:
Dungeon (1/1)

Altars:


Innate Abilities, Weirdness & Mutations

You reflexively headbutt those who attack you in melee.
You have a pair of horns on your head.


Message History

Deactivating autopickup; reactivate with Ctrl-A.
You barely miss the centaur. The centaur barely misses you.
You block the centaur's attack.
You slash the centaur!
The centaur is moderately wounded.
You block the centaur's attack. The centaur hits you.
You hit the centaur.
The centaur is heavily wounded.
The centaur hits you!
* * * LOW HITPOINT WARNING * * *
You block the centaur's attack.
You barely miss the centaur.
The centaur is heavily wounded.
The centaur hits you.
* * * LOW HITPOINT WARNING * * *
The centaur hits you but does no damage.
You hit the centaur but do no damage. Your headbutt misses the centaur.
The centaur is heavily wounded.
The centaur hits you.
You die...

▓.▓
▓.▓
▓)▓
▓†▓
▓.▓
▓.▓
▓.▓
▓(▓
▓@▓
▓c▓
▓{▓
▓Z▓
▓.▓
▓.▓
▓+▓


You could see a centaur and a leopard gecko zombie.

Vanquished Creatures
  A jelly (D)
  An iguana (D)
  2 goblins (D)
  2 hobgoblins (D)
  A kobold (D)
7 creatures vanquished.

Notes
Turn   | Place    | Note
-------+----------+-------------------------------------------
     0 | D        | mhtbhm the Minotaur Fighter began the quest for the Orb.
     0 | D        | Reached XP level 1. HP: 19/19 MP: 0/0
    17 | D        | Noticed an iguana
    17 | D        | Noticed a jelly
    17 | D        | Noticed a centaur
    17 | D        | Noticed a sky beast
    22 | D        | Killed an iguana
    22 | D        | Reached skill level 5 in Fighting
    22 | D        | Reached skill level 5 in Armour
    22 | D        | Reached skill level 5 in Shields
    22 | D        | Reached XP level 2. HP: 14/29 MP: 1/1
    22 | D        | Reached XP level 3. HP: 17/36 MP: 2/2
    25 | D        | Reached XP level 4. HP: 20/45 MP: 3/3
    30 | D        | HP: 2/45 [centaur (5)]
    31 | D        | Slain by a centaur

Illustrated notes

Levels and vault maps discovered:
D:        linesprint [early_d, line_temple, items_1, d_10, items_2, lair_1,
          lair_end, items_3, orc_1, orc_end, items_4, d_15, swamp_1, shoals_1,
          snake_1, spider_1, d_20, vaults_1, items_5, swamp_end, shoals_end,
          snake_end, spider_end, vaults_end, d_27, items_6, zot_1, zot_end,
          crypt_end, forest_end, elf_end, slime_end, tomb_end, abyss_end,
          pan_hell_end]

Skill      XL: |  1  2  3 |
---------------+----------+-----
Fighting       | 5 6 |  6.3
Armour         | 5 6 |  6.1
Shields        | 5 6 |  6.2
Long Blades    | 3 |  3.9

Action                   |  1- 3 |  4- 6 || total
-------------------------+-------+-------++-------
Melee: Long sword        |    14 |     5 ||    19
       Headbutt          |     5 |       ||     5
Armor: Scale mail        |     3 |     1 ||     4
Dodge: Dodged            |     5 |     1 ||     6
Block: Kite shield       |     4 |     5 ||     9
       Rpst.: Long sword |     3 |       ||     3

Table legend: (Time is in decaauts)
 A = Elapsed time spent in this place.
 B = Non-inter-level travel time spent in this place.
 C = Inter-level travel time spent in this place.
 D = Time resting spent in this place.
 E = Time spent auto-exploring this place.
 F = Levels seen in this place.
 G = Mean time per level.
                   A        B        C        D        E       F      G
               +--------+--------+--------+--------+--------+-----+--------+
         Total |     36 |     36 |      0 |      0 |      3 |   1 |   36.0 |
       Dungeon |     36 |     36 |      0 |      0 |      3 |   1 |   36.0 |
               +--------+--------+--------+--------+--------+-----+--------+

Top non-repeatable levels by time:
       D: 36 daAuts
